Description

Make Sure to have 1-3 overlords at their base ramp so that your ravagers

Have vision and you can use corrosive bile up the ramp onto the bunkers/supply depots/addons/tanks. If you do a lot of damage and can transition make sure to take all the drones off gas for 100% mineral income, expand quickly and get a queen. Enough damage is at minimum killing/cancelling the natural and ~10 scv’s +any number of supply depot/addon kills

VOD

https://www.youtube.com/watch?v=FB_bk_whKgs

Build Order

Get SALT Encoding   

  12  0:10  Spawning Pool  
  14  0:15  Extractor  2 drones on gas
  14  0:20  Extractor  2 drones on gas
  14  1:00  Roach Warren  Roach Warren @100% Spawning Pool
  13  1:15  Zergling   Pair of Zerglings //Send them along a non-reaper path to kill scv building nat CC
  14  1:35  Overlord  
  14  1:60  Overlord  
  14  1:80  Roach  Morph into ravagers immediately
  14  2:00  Roach  
  14  2:10  Roach  
  20  2:20  Ravager  Put one more drone on each gas geyser
  23  2:45  Roach  Constant Roach Ravager production //after your 4th Ravager begins morphing you can move 1-2 drones back onto minerals
Spawning Tool Build Advisor. Get it on Overwolf

Go to:

Details

  • Created by: Psylockex
  • Published on: May 23, 2018
  • Modified on: May 23, 2018
  • Patch: 4.0.0
Show
View Real Time Build Order
Export as new Build Order

Comments (0)

There are no comments. Be the first!

Create an account to comment!